 Dungeon Crawl Stone Soup version 0.26-b1-32-g5d43845318 (webtiles) character file.

Game seed: 13576077040512224177

53 EnegeticOcto the Covered (level 3, -1/34 HPs)
             Began as a Deep Dwarf Fighter on Jan 11, 2021.
             Slain by Menkaure (16 damage)
             ... on level 4 of the Dungeon.
             The game lasted 00:00:32 (388 turns).

EnegeticOcto the Covered (Deep Dwarf Fighter)        Turns: 388, Time: 00:00:33

Health: -1/34      AC:  8    Str: 20    XL:     3   Next: 62%
Magic:  2/2        EV:  7    Int:  8    God:
Gold:   45         SH:  9    Dex: 12    Spells: 2/2 levels left

rFire    . . .     SeeInvis .   a - +0 war axe
rCold    . . .     Faith    .   c - +0 kite shield
rNeg     . . .     Spirit   .   b - +0 scale mail
rPois    .         Reflect  .   (no helmet)
rElec    .         Harm     .   (no cloak)
rCorr    .         Rampage  .   f - +0 pair of gloves
Will     +....                  (no boots)
Stlth    ..........             (no amulet)
HPRegen  0.00/turn              h - ring of willpower
MPRegen  0.08/turn              k - ring of attention (curse)

@: non-regenerating
A: damage resistance, heal wounds, sense surroundings 1, no regeneration
a: Heal Wounds


You were on level 4 of the Dungeon.
You visited 1 branch of the dungeon, and saw 4 of its levels.

You collected 45 gold pieces.

Inventory:

Hand Weapons
 a - a +0 war axe (weapon)
Armour
 b - a +0 scale mail (worn)
 c - a +0 kite shield (worn)
 f - a +0 pair of gloves (worn)
Jewellery
 h - a ring of willpower (left hand)
 k - a cursed ring of attention (right hand)
 m - an uncursed ring of see invisible {unknown}
Wands
 j - a wand of paralysis (8)
 l - a wand of enslavement (11)
Scrolls
 e - 2 scrolls of identify {unknown}
 g - a scroll of blinking {unknown}
 i - a scroll of amnesia {unknown}
Potions
 d - 2 potions of might {@q3}


   Skills:
 + Level 3.0 Fighting
 * Level 3.2 Axes
 + Level 3.7 Armour
 + Level 3.7 Shields


You had 2 spell levels left.
You didn't know any spells.
Your spell library was empty.

Dungeon Overview and Level Annotations

Branches:
Dungeon (4/15)
 Temple: D:4-7

Altars:

Annotations:
D:4 Menkaure


Innate Abilities, Weirdness & Mutations

You are resistant to damage.
You can heal yourself by infusing magical energy.
You passively map a small area around you.
You do not regenerate.


Message History

The quokka barely misses you.
You barely miss the quokka. The quokka closely misses you.
You block the quokka's attack.
You closely miss the quokka. The quokka bites you.
You closely miss the quokka.
The quokka bites you but does no damage. x2
You miss the quokka. You block the quokka's attack.
The quokka barely misses you.
You slash the quokka!
You kill the quokka!
No target in view!
No target in view!
No target in view!
No target in view!
A goblin comes into view. It is wielding a +0 dagger.
The goblin shouts!
A goblin is nearby!
A goblin is nearby!
You closely miss the goblin.
A bat comes into view.
The goblin hits you but does no damage. The goblin closely misses you.
You hit the goblin.
You kill the goblin!
The bat barely misses you. You block the bat's attack.
Things that are here:
a +0 dagger; a goblin corpse You slash the bat!
You kill the bat!
No target in view!
No target in view!
No target in view!
No target in view!
No target in view!
Found a falchion.
You see here a falchion.
Found a stone staircase leading down.
A frilled lizard comes into view.
The frilled lizard hisses angrily.
A frilled lizard is nearby!
You miss the frilled lizard.
The frilled lizard bites you but does no damage. x2
You barely miss the frilled lizard. The frilled lizard barely misses you.
You hit the frilled lizard.
You kill the frilled lizard!
No target in view!
No target in view!
No target in view!
No target in view!
No target in view!
No target in view!
No target in view!
No target in view!
No target in view!
No target in view!
No target in view!
Search for what [Enter for "."]? .
(D) Dungeon
Where to? (Enter - D:3, ? - help)
There is a stone staircase leading down here.
You climb downwards.
Found 22 gold pieces, an emerald potion and 14 sling bullets.
There is a stone staircase leading up here.
Menkaure, Prince of Dust comes into view.
Menkaure shouts!
Menkaure is nearby!
Menkaure is nearby!
Menkaure gestures wildly while chanting.
Menkaure seems to speed up.
You slash Menkaure!
Menkaure is moderately damaged.
Menkaure barely misses you.
You slash Menkaure!
Menkaure is almost destroyed.
Menkaure hits you.
Menkaure calls on the powers of darkness!
Your body is wracked with pain!
You hit Menkaure.
Menkaure is almost destroyed.
Menkaure hits you but does no damage. You block Menkaure's attack.
You hit Menkaure but do no damage.
Menkaure is almost destroyed.
Menkaure hits you but does no damage.
Menkaure calls on the powers of darkness!
Your body is wracked with pain!
* * * LOW HITPOINT WARNING * * *
You are too injured to fight recklessly!
You are too injured to fight recklessly!
You are too injured to fight recklessly!
You are too injured to fight recklessly!
You are too injured to fight recklessly!
You are too injured to fight recklessly!
You are too injured to fight recklessly!
You are too injured to fight recklessly!
You are too injured to fight recklessly!
You feel much better. Menkaure hits you!!
You barely miss Menkaure.
Menkaure is almost destroyed.
Menkaure hums drily.
You block Menkaure's attack. Menkaure hits you!
You die...

##* #### ..## ##..#
....##...# .......#.##
..........##### *
..............#####
,.........$.....!..#**
* ......M@...........
* #..........<.....# *
, ..#..............#
##.............#
#....$........# * ,
*##.........(..#
##...........#
##..........#
#..........#


You could see Menkaure (fast).

Vanquished Creatures
  Terence (D:3)
  An adder (D:3)
  A leopard gecko (D:3)
  2 orcs (D:3)
  3 goblins
  3 hobgoblins (D:1)
  A quokka (D:3)
  2 bats (D:3)
  2 frilled lizards
  2 kobolds
18 creatures vanquished.

Notes
Turn   | Place    | Note
-------+----------+-------------------------------------------
     0 | D:1      | EnegeticOcto the Deep Dwarf Fighter began the quest for the
                  | Orb.
     0 | D:1      | Reached XP level 1. HP: 20/20 MP: 1/1
   235 | D:3      | Reached XP level 2. HP: 25/27 MP: 2/2
   301 | D:3      | Noticed Terence
   308 | D:3      | Killed Terence
   309 | D:3      | Reached XP level 3. HP: 20/34 MP: 3/3
   379 | D:4      | Noticed Menkaure
   388 | D:4      | Slain by Menkaure

Illustrated notes

Levels and vault maps discovered:
D:1:      dpeg_arrival_long_road, layout_rooms
D:2:      layout_loops_cross, dancing_weapons_uskayaw
D:3:      layout_rooms, serial_bayou_ford_a, uniq_terence
D:4:      layout_layer_cave, serial_shops, kennysheep_mini, uniq_menkaure

Skill      XL: |  1  2 |
---------------+-------+-----
Fighting       | 3 |  3.0
Axes           | 3 |  3.2
Armour         | |  3.7
Shields        | |  3.7

Action                   || total
-------------------------++-------
Melee: War axe           ||    83
 Abil: Heal Wounds       ||     2
Armor: Scale mail        ||    41
Dodge: Dodged            ||    32
Block: Kite shield       ||    45
